 Dungeon Crawl Stone Soup version 0.30-a0-311-gf115ab0292 (webtiles) character file.

Game seed: 1868181124434636011

379 Lobster4 the Covered (level 7, -7/51 HPs)
             Began as a Human Wanderer on Oct 25, 2022.
             Splashed by a jelly's acid (10 damage)
             ... on level 4 of the Dungeon.
             The game lasted 00:07:53 (3084 turns).

Lobster4 the Covered (Human Wanderer)               Turns: 3084, Time: 00:07:53

Health: -7/51      AC:  5    Str: 18    XL:     7   Next: 4%
Magic:  7/7        EV:  7    Int: 17    God:
Gold:   221        SH:  0    Dex: 10    Spells: 6/6 levels left

rFire   . . .      SeeInvis .    a - +0 mace
rCold   . . .      Faith    .    (no shield)
rNeg    . . .      Spirit   .    e - +0 chain mail
rPois   .          Reflect  .    (no helmet)
rElec   .          Harm     .    (no cloak)
rCorr   .          Rampage  .    (no gloves)
Will    .....                    (no boots)
Stlth   ..........               (no amulet)
HPRegen 0.28/turn                j - +6 ring of intelligence
MPRegen 0.10/turn                l - +4 ring of protection

@: corroded
A: no striking features
a: no special abilities


You were on level 4 of the Dungeon.
You visited 1 branch of the dungeon, and saw 4 of its levels.

You collected 221 gold pieces.

Inventory:

Hand Weapons
 a - a +0 mace (weapon)
 b - a +0 sling
 f - a +0 hand axe
 h - the +6 whip of Uskayaw's Hope {vorpal, Fragile Will+ Dex+4}
   (You took it off a kobold on level 4 of the Dungeon)

   It inflicts extra damage upon your enemies.
   Dex:       It affects your dexterity (+4).
   Fragile:   It will be destroyed if unequipped.
   Will:      It increases your willpower.
 u - a +3 dagger of venom
Missiles
 o - 7 poisoned darts
 w - 5 boomerangs
Armour
 e - a +0 chain mail (worn)
 i - a +2 robe of willpower
Jewellery
 j - a +6 ring of intelligence (left hand)
 l - a +4 ring of protection (right hand)
Scrolls
 n - a scroll of fear
 p - a scroll of amnesia {unknown}
 t - a scroll of enchant weapon {unknown}
 v - 4 scrolls of teleportation
Potions
 c - 3 potions of ambrosia {unknown}
 d - 2 potions of curing {unknown}
 g - a potion of might
 q - a potion of haste
 r - a potion of mutation
 s - a potion of brilliance


   Skills:
 + Level 2.8 Fighting
 - Level 2.4(3.0) Axes
 - Level 2.4(3.0) Maces & Flails
 - Level 3.0 Throwing
 + Level 4.3 Armour
 - Level 2.0 Unarmed Combat
 - Level 1.0 Invocations
 - Level 3.0 Evocations


You had 6 spell levels left.
You didn't know any spells.
Your spell library contained the following spells:

 Spells                   Type           Power      Damage    Failure   Level
 Beastly Appendage        Tmut           0%         N/A       96%         1
 Sandblast                Erth           0%         2d4       96%         1
 Passwall                 Tmut/Erth      0%         N/A       99%         2
 Wereblood                Tmut           0%         N/A       99%         2
 Kindle Blastsparks       Fire/Tloc/Air  0%         2d10      100%        3
 Spider Form              Tmut/Pois      0%         N/A       100%        3
 Stone Arrow              Conj/Erth      0%         3d7       100%        3
 Fulminant Prism          Conj/Hex       0%         3d6       100%        4
 Iskenderun's Mystic Bla  Conj/Tloc      0%         2d3       100%        4
 Iskenderun's Battlesphe  Conj           0%         2d6       100%        5
 Lee's Rapid Deconstruct  Erth           0%         3d4*      100%        5
 Iron Shot                Conj/Erth      0%         9d1       100%        6
 Spellforged Servitor     Conj/Summ      0%         N/A       100%        7


Dungeon Overview and Level Annotations

Branches:
Dungeon (4/15)
 Temple: D:4-7

Altars:
Ashenzari
Cheibriados

Annotations:
D:4 Dowan, Duvessa


Message History

There is a stone staircase leading up here.
You closely miss the kobold.
The kobold hits you with the +6 whip of Uskayaw's Hope {vorpal, Fragile Will+ Dex+4}.
You hit the kobold.
You kill the kobold!
No target in view!
You now have 221 gold pieces (gained 5).
Things that are here:
the +6 whip of Uskayaw's Hope {vorpal, Fragile Will+ Dex+4}; a kobold corpse
h - the +6 whip of Uskayaw's Hope {vorpal, Fragile Will+ Dex+4} The jelly quivers.
The jelly hits you. The acid corrodes you!
You are splashed with acid!
You hit the jelly.
Your hands burn!
The jelly is moderately wounded.
The jelly hits you but does no damage. x2
You barely miss the jelly.
The jelly is moderately wounded.
The jelly hits you.
You are splashed with acid!
You hit the jelly.
Your hands burn!
The jelly is moderately wounded.
The jelly barely misses you.
You barely miss the jelly.
The jelly is moderately wounded.
The jelly hits you but does no damage.
You hit the jelly.
Your hands burn!
The jelly is heavily wounded.
The jelly hits you but does no damage. The jelly hits you.
The acid corrodes you!
You are splashed with acid!
* * * LOW HITPOINT WARNING * * *
You hit the jelly but do no damage.
Your hands burn!
* * * LOW HITPOINT WARNING * * *
The jelly is heavily wounded.
The jelly hits you but does no damage.
You hit the jelly but do no damage.
Your hands burn!
* * * LOW HITPOINT WARNING * * *
The jelly is heavily wounded.
The jelly hits you.
* * * LOW HITPOINT WARNING * * *
You are splashed with acid!
You die...

.......=.. .#
.....#..##..## ..
......#......# ..#
##...#...##
#>.####...##..####
#.........#..#..+
##...............
#....÷J....##..
###..<@.....#
###.........#
...........[..#
#####.....†...#
#.........#
##.......##
#.........#
#.........#
#.........#


You could see a jelly.

Vanquished Creatures
  Grinder (D:4)
  2 iguanas (D:4)
  6 adders
  A dart slug (D:3)
  6 ball pythons
  5 bats
  15 endoplasms
  6 giant cockroaches
  3 goblins (D:3)
  5 hobgoblins
  7 jackals (D:1)
  2 quokkas (D:1)
  2 frilled lizards
  14 kobolds
  6 rats
81 creatures vanquished.

Notes
Turn   | Place    | Note
-------+----------+-------------------------------------------
     0 | D:1      | Lobster4 the Human Wanderer began the quest for the Orb.
     0 | D:1      | Lobster4 set off with the following items: a +0 club, a
                  | scroll of teleportation, a piece from Xom's chessboard
                  | (15/15), a potion of berserk rage, a +0 chain mail.
     0 | D:1      | Reached XP level 1. HP: 13/13 MP: 1/1
   153 | D:1      | Reached XP level 2. HP: 9/20 MP: 2/2
   441 | D:1      | Reached skill level 1 in Fighting
   445 | D:1      | Reached XP level 3. HP: 25/26 MP: 3/3
  1221 | D:2      | Reached XP level 4. HP: 32/32 MP: 4/4
  1364 | D:2      | Found a snail-covered altar of Cheibriados.
  1891 | D:3      | Reached skill level 1 in Axes
  1891 | D:3      | Reached skill level 1 in Maces & Flails
  1997 | D:3      | Reached XP level 5. HP: 32/38 MP: 5/5
  2464 | D:4      | Noticed Grinder
  2464 | D:4      | Paralysed by Grinder for 3 turns
  2475 | D:4      | Killed Grinder
  2476 | D:4      | Reached skill level 4 in Armour
  2476 | D:4      | Reached XP level 6. HP: 46/46 MP: 6/6
  2535 | D:4      | Noticed Duvessa
  2834 | D:4      | Found a broken altar of Ashenzari.
  2884 | D:4      | Reached XP level 7. HP: 17/51 MP: 7/7
  3011 | D:4      | Noticed Dowan
  3067 | D:4      | Identified the +6 whip of Uskayaw's Hope {vorpal, Fragile
                  | Will+ Dex+4}
  3084 | D:4      | Splashed by a jelly's acid

Illustrated notes

Levels and vault maps discovered:
D:1:      giann_wishing_wells, layout_basic, chequers_serial_rivers_small_a
D:2:      minmay_kobold_bridge, layout_basic, basic_altar
D:3:      layout_basic
D:4:      layout_rooms, nicolae_ashenzari_skybound, minmay_large_rounded_square,
          grunt_decor_fettered, uniq_crazy_yiuf_cottage, uniq_grinder,
          uniq_duvessa

Skill      XL: |  1  2  3  4  5  6 |
---------------+-------------------+-----
Fighting       | 1 2 |  2.8
Throwing       | 2 3 |  3.0
Axes           | 1 2 |  2.4
Maces & Flails | 1 2 |  2.4
Armour         | 4 |  4.3
Unarmed Combat | |  2.0
Invocations    | |  1.0
Evocations     | |  3.0

Action                   |  1- 3 |  4- 6 |  7- 9 || total
-------------------------+-------+-------+-------++-------
Melee: Club              |    93 |       |       ||    93
       Punch             |     4 |     2 |       ||     6
       Hand axe          |    70 |       |       ||    70
       Mace              |    19 |   134 |     9 ||   162
Throw: Dart              |       |     6 |       ||     6
  Use: Scroll            |       |     6 |       ||     6
       Potion            |       |     1 |       ||     1
Armor: Chain mail        |   140 |   111 |     5 ||   256
Dodge: Dodged            |    91 |    67 |     1 ||   159

Table legend: (Time is in decaauts)
 A = Elapsed time spent in this place.
 B = Non-inter-level travel time spent in this place.
 C = Inter-level travel time spent in this place.
 D = Time resting spent in this place.
 E = Time spent auto-exploring this place.
 F = Levels seen in this place.
 G = Mean time per level.
                   A        B        C        D        E       F      G
               +--------+--------+--------+--------+--------+-----+--------+
         Total |   3191 |   2934 |    257 |    321 |   1791 |   4 |  797.8 |
       Dungeon |   3191 |   2934 |    257 |    321 |   1791 |   4 |  797.8 |
               +--------+--------+--------+--------+--------+-----+--------+

Top non-repeatable levels by time:
     D:1: 974 daAuts
     D:2: 957 daAuts
     D:3: 879 daAuts
     D:4: 379 daAuts
